 Dungeon Crawl Stone Soup version 0.25.0-9-g26727b657a (webtiles) character file.

Game seed: 13623128743994696214

396 shadizar the Skirmisher (level 6, -6/39 HPs)
             Began as a Gargoyle Fighter on June 17, 2020.
             Was an Initiate of the Shining One.
             Mangled by an ogre
             ... wielding a cursed -1 giant club
              (25 damage)
             ... on level 4 of the Dungeon.
             The game lasted 00:04:13 (3583 turns).

shadizar the Skirmisher (Gargoyle Fighter)          Turns: 3583, Time: 00:04:14

Health: -6/39      AC: 11    Str: 21    XL:     6   Next: 82%
Magic:  6/6        EV:  8    Int:  9    God:    the Shining One [......]
Gold:   142        SH:  9    Dex:  9    Spells: 5/5 levels left

rFire    . . .     SeeInvis .   a - +0 flail
rCold    . . .     Gourm    .   c - +0 kite shield
rNeg     + . .     Faith    .   b - +0 scale mail
rPois    ∞         Spirit   .   (no helmet)
rElec    +         Reflect  .   (no cloak)
rCorr    .         Harm     .   (no gloves)
MR       .....                  (no boots)
Stlth    ..........             (no amulet)
HPRegen  0.13/turn              (no ring)
MPRegen  0.10/turn              (no ring)

@: glowing
A: negative energy resistance 1, electricity resistance, unbreathing,
petrification resistance, rot immunity, AC +4
a: Renounce Religion


You were on level 4 of the Dungeon.
You worshipped the Shining One.
The Shining One was noncommittal.
You were not hungry.

You visited 2 branches of the dungeon, and saw 5 of its levels.

You collected 142 gold pieces.

Inventory:

Hand Weapons
 a - a +0 flail (weapon)
Armour
 b - a +0 scale mail (worn)
 c - a +0 kite shield (worn)
 g - a +2 cloak of poison resistance
Jewellery
 r - an uncursed ring of protection from fire {unknown}
Scrolls
 e - 2 scrolls of teleportation {unknown}
 i - 4 scrolls of remove curse {unknown}
 n - 3 scrolls of identify {unknown}
 s - 2 scrolls of fog {unknown}
Potions
 d - 2 potions of might
 h - a potion of heal wounds {unknown}
 j - a potion of ambrosia {unknown}
 k - 2 potions of resistance {unknown}
 l - a potion of haste {unknown}
 m - a potion of brilliance {unknown}
 o - a potion of mutation {unknown}
 p - a potion of curing {unknown}
 q - 2 potions of cancellation {unknown}
Comestibles
 f - 5 rations


   Skills:
 + Level 4.7 Fighting
 + Level 3.6 Maces & Flails
 + Level 4.6 Armour
 + Level 2.1 Dodging
 + Level 4.6 Shields


You had 5 spell levels left.
You didn't know any spells.
Your spell library was empty.

Dungeon Overview and Level Annotations

Branches:
Dungeon (4/15)             Temple (1/1) D:4

Altars:
Ashenzari
Cheibriados
Dithmenos
Elyvilon
Fedhas
Gozag
Kikubaaqudgha
Nemelex Xobeh
Okawaru
Qazlal
Sif Muna
Uskayaw
Wu Jian
Yredelemnul
Zin
The Shining One


Innate Abilities, Weirdness & Mutations

You are resistant to torment.
Your stone body is resilient. (AC +4)
You are immune to poison.
You resist negative energy. (rN+)
You are resistant to electric shocks. (rElec)
You can survive without breathing.
You are immune to petrification.
You are immune to rotting.


Message History

You are too injured to fight recklessly!
You are too injured to fight recklessly!
You are too injured to fight recklessly!
You are too injured to fight recklessly!
You are too injured to fight recklessly!
You are too injured to fight recklessly!
You are too injured to fight recklessly!
You are too injured to fight recklessly!
You are too injured to fight recklessly!
You are too injured to fight recklessly!
The phantom blinks!
You see here 21 stones.
The phantom blinks!
You see here a scale mail.
You block the ogre's attack. The phantom misses you.
There is a staircase to the Ecumenical Temple here.
The phantom hits you but does no damage.
The ogre hits you with a cursed -1 giant club!!
Ouch! That really hurt!
You die...

..####.#######.###.#.###.#.#
# #. #.........##....# #.#.#
#. #.........#....## #.#..
.. .###........#..### #.. .
.......§(....#..# ##.
.###...###.....#### #. #.
#....##.[.)⌠...# .
#.###.##.......W...# ..
#.##..###....⌠O@.⌠.##
#.##.##...#.........#
##.#.....###....⌠....#
......#####.....##...#
.#.#..# #..#### #....#
.....## #..## ###.# ##.###
#.. .. #.# ... #<#


You could see a phantom and an ogre.

Vanquished Creatures
  Eustachio (D:4)
  A hound (D:4)
  Terence (D:3)
  A worker ant (D:3)
  8 adders
  An ooze (D:1)
  7 worms
  A dart slug (D:3)
  2 leopard geckos
  2 ball pythons
  13 bats
  4 giant cockroaches
  7 goblins
  6 hobgoblins
  7 jackals
  9 kobolds
  2 quokkas
  5 frilled lizards
  11 rats
89 creatures vanquished.

Notes
Turn   | Place    | Note
-------+----------+-------------------------------------------
     0 | D:1      | shadizar the Gargoyle Fighter began the quest for the Orb.
     0 | D:1      | Reached XP level 1. HP: 14/14 MP: 1/1
    77 | D:1      | Reached XP level 2. HP: 17/19 MP: 2/2
   569 | D:1      | Reached XP level 3. HP: 22/23 MP: 3/3
  1004 | D:2      | Reached skill level 1 in Dodging
  1048 | D:2      | Reached XP level 4. HP: 29/29 MP: 4/4
  1058 | D:2      | Found a sparkling altar of Nemelex Xobeh.
  1518 | D:2      | Found a blossoming altar of Fedhas.
  1939 | D:2      | Found a faded altar of an unknown god.
  2029 | D:3      | Reached XP level 5. HP: 31/33 MP: 5/5
  2580 | D:3      | Noticed Terence
  2593 | D:3      | Killed Terence
  2948 | D:4      | Found a staircase to the Ecumenical Temple.
  2961 | D:4      | Reached XP level 6. HP: 39/39 MP: 6/6
  2965 | Temple   | Entered the Ecumenical Temple
  2977 | Temple   | Became a worshipper of the Shining One
  3173 | D:4      | Noticed Eustachio
  3475 | D:4      | Killed Eustachio
  3523 | D:4      | Noticed a phantom
  3583 | D:4      | Mangled by an ogre

Illustrated notes

Levels and vault maps discovered:
D:1:      evilmike_arrival_plus, layout_loops_ring, grunt_decor_mini_mirrors,
          hangedman_decor_points
D:2:      layout_basic, nicolae_overflow_crystal_walls,
          lemuel_coloured_pillars_altar, chequers_ecumenical_altar_twisty
D:3:      layout_rooms, hangedman_decor_peaks_small, minivault_25, uniq_terence
D:4:      layout_rooms, temple_fountains, chequers_serial_rivers_micro_a,
          uniq_eustachio
Temple:   nicolae_temple_great_sept

Skill      XL: |  1  2  3  4  5  6 |
---------------+-------------------+-----
Dodging        | 1 2 |  2.1
Shields        | 4 |  4.6
Fighting       | 4 |  4.7
Armour         | 4 |  4.6
Maces & Flails | 3 |  3.6

Action                   |  1- 3 |  4- 6 || total
-------------------------+-------+-------++-------
Melee: Flail             |   122 |   342 ||   464
  Use: Potion            |       |     1 ||     1
  Eat: Chunk             |     1 |     6 ||     7
       Ration            |       |     1 ||     1
Armor: Scale mail        |    83 |   280 ||   363
Dodge: Dodged            |    50 |   175 ||   225
Block: Kite shield       |    80 |   253 ||   333
